 Dungeon Sprint DCSS version 0.28.0-43-g3370ac3207 (webtiles) character file.

Game seed: 11388264473637809423

261 boopmooplesden the Spear-Bearer (level 5, -3/57 HPs)
             Began as a Minotaur Berserker on Mar 8, 2022.
             Was a Believer of Trog.
             Slain by a neqoxec (8 damage)
             ... in the Dungeon (Sprint II: "The Violet Keep of Menkaure").
             The game lasted 00:00:08 (22 turns).

boopmooplesden the Spear-Bearer (Minotaur Berserker)  Turns: 22, Time: 00:00:09

Health: -3/57      AC:  2    Str: 23    XL:     5   Next: 96%
Magic:  4/4        EV: 13    Int:  4    God:    Trog [**....]
Gold:   0          SH:  0    Dex: 10    Spells: 4/4 levels left

rFire   . . .      SeeInvis .   a - +0 spear
rCold   . . .      Faith    .   (no shield)
rNeg    . . .      Spirit   .   b - +0 animal skin
rPois   .          Reflect  .   (helmet restricted)
rElec   .          Harm     .   (no cloak)
rCorr   .          Rampage  .   (no gloves)
Will    .....      NoTele   +   (no boots)
Stlth   +.........              (no amulet)
HPRegen 0.19/turn               (no ring)
MPRegen 0.09/turn               (no ring)

@: on berserk cooldown, slowed, very slow
A: horns 2, retaliatory headbutt
a: Renounce Religion, Berserk, Trog's Hand


You were in the Dungeon.
You worshipped Trog.
Trog was pleased with you.
You visited 1 branch

Inventory:

Hand Weapons
 a - a +0 spear (weapon)
Armour
 b - a +0 animal skin (worn)
Scrolls
 h - a scroll of blinking
Potions
 c - a potion of curing
 d - a potion of heal wounds
 e - a potion of haste
 f - 2 potions of magic
 g - a potion of berserk rage


   Skills:
 + Level 9.5 Fighting
 + Level 10.3 Polearms
 + Level 5.4 Armour
 + Level 4.9 Dodging


You had 4 spell levels left.
You didn't know any spells.
Your spell library was empty.

Dungeon Overview and Level Annotations

Branches:
Dungeon (1/1)

Altars:


Innate Abilities, Weirdness & Mutations

You have a pair of horns on your head.
You reflexively headbutt those who attack you in melee.


Message History

The neqoxec misses you. You furiously retaliate!
You headbutt the neqoxec! You hit the neqoxec. You headbutt the neqoxec.
You kill the neqoxec!
Trog accepts your kill.
You feel your intelligence returning.
Your Fighting skill gained 4 levels and is now at level 7!
Your Polearms skill gained 5 levels and is now at level 8!
Your Armour skill gained 2 levels and is now at level 4!
Your Dodging skill gained 2 levels and is now at level 4!
You have reached level 2!
You have reached level 3!
Your experience leads to an increase in your attributes!
Increase (S)trength, (I)ntelligence, or (D)exterity?
You feel stronger. x2
You have reached level 4!
You feel agile.
You puncture the neqoxec! Your headbutt misses the neqoxec.
The neqoxec is moderately wounded.
The neqoxec hits you.
* * * LOW HITPOINT WARNING * * *
You puncture the neqoxec! Your headbutt misses the neqoxec.
The neqoxec is heavily wounded.
You puncture the neqoxec!
The neqoxec is almost dead.
You barely miss the neqoxec. You headbutt the neqoxec.
You kill the neqoxec!
Trog accepts your kill.
You can now call upon Trog for regeneration and willpower.
Your Fighting skill gained 2 levels and is now at level 9!
Your Polearms skill gained 2 levels and is now at level 10!
Your Armour skill increases to level 5!
You have reached level 5!
You puncture the neqoxec!
The neqoxec is moderately wounded.
You puncture the neqoxec!
The neqoxec is severely wounded.
You are no longer berserk.
You are exhausted.
You feel yourself slow down. The neqoxec hits you!
You die...

##
###
.##..
.3.
#3#
##@##
+.<.+
##.##
#+#


You could see 2 neqoxecs.

Vanquished Creatures
  2 neqoxecs (D)
2 creatures vanquished.

Notes
Turn   | Place    | Note
-------+----------+-------------------------------------------
     0 | D        | boopmooplesden the Minotaur Berserker began the quest for
                  | the Orb.
     0 | D        | Reached XP level 1. HP: 19/19 MP: 0/0
     1 | D        | Noticed a neqoxec
     1 | D        | Noticed a neqoxec
     1 | D        | Noticed a neqoxec
     1 | D        | Noticed a neqoxec
    16 | D        | Killed a neqoxec
    17 | D        | Reached skill level 8 in Polearms
    17 | D        | Reached XP level 2. HP: 7/35 MP: 1/1
    17 | D        | Reached XP level 3. HP: 8/40 MP: 2/2
    17 | D        | Reached XP level 4. HP: 10/48 MP: 3/3
    20 | D        | Killed a neqoxec
    20 | D        | Reached ** piety under Trog
    21 | D        | Reached skill level 10 in Polearms
    21 | D        | Reached skill level 5 in Armour
    21 | D        | Reached XP level 5. HP: 7/57 MP: 4/4
    22 | D        | Slain by a neqoxec

Illustrated notes

Levels and vault maps discovered:
D:        the_violet_keep_of_menkaure [sprint2_stairs_cluster_1,
          sprint2_shoproom, sprint2_temple, sprint2_basic_supplies,
          sprint2_obstacle_7, sprint2_obstacle_6, sprint2_obstacle_4,
          sprint2_obstacle_2, sprint2_obstacle_1, sprint2_timed_cluster_1,
          sprint2_smallroom_cluster_1, sprint2_smallroom_final_cluster_1,
          sprint2_transparent_cluster_1, sprint2_second_timed_cluster_1,
          sprint2_sniper_area_1, sprint2_heavy_combat_area_1,
          sprint2_mutation_trap_area_1, sprint2_forest_area_1,
          sprint2_light_combat_area_1, sprint2_behind_water_1,
          sprint2_near_end_vault_1]

Skill      XL: |  1  2  3  4 |
---------------+-------------+-----
Fighting       | 7 9 |  9.5
Polearms       | 8 10 | 10.3
Armour         | 4 5 |  5.4
Dodging        | 4 |  4.9

Action                   |  1- 3 |  4- 6 || total
-------------------------+-------+-------++-------
Melee: Spear             |    14 |     6 ||    20
       Headbutt          |     1 |     1 ||     2
Invok: Berserk           |     1 |       ||     1
Dodge: Dodged            |     3 |       ||     3
